[ PARTIDA AOE2 · #495356158 ]
UnrankedPolacos vs Spanish
[ ANÁLISIS DE REPETICIÓN · EXTRAÍDO DE LA PARTIDA GRABADA ]
Feudal
16:34
Castillos
20:42
Imperial
—
| APM promedio | 25.5 |
| APM pico | 67 |
| eAPM promedio | 9.5 |
| Aldeanos / militares | 45 / 0 |
Foco
⚔️ 15.4% · 🌾 84.6%
Feudal
13:36
Castillos
17:43
Imperial
—
| APM promedio | 29.2 |
| APM pico | 74 |
| eAPM promedio | 10.4 |
| Aldeanos / militares | 36 / 16 |
Foco
⚔️ 23.0% · 🌾 77.0%
Knight ×11 · Fishing Ship ×9 · Battering Ram ×4 · Fire Galley ×1
Feudal
13:01
Castillos
16:36
Imperial
—
| APM promedio | 26.4 |
| APM pico | 57 |
| eAPM promedio | 11.1 |
| Aldeanos / militares | 33 / 15 |
Foco
⚔️ 22.5% · 🌾 77.5%
Conquistador ×15 · Fishing Ship ×5
Feudal
13:23
Castillos
21:48
Imperial
—
| APM promedio | 36.6 |
| APM pico | 67 |
| eAPM promedio | 14.7 |
| Aldeanos / militares | 60 / 16 |
Foco
⚔️ 27.0% · 🌾 73.0%
Galley ×14 · Fishing Ship ×7 · Transport Ship ×2
Feudal
14:09
Castillos
19:06
Imperial
—
| APM promedio | 38.7 |
| APM pico | 65 |
| eAPM promedio | 17.9 |
| Aldeanos / militares | 49 / 5 |
Foco
⚔️ 31.2% · 🌾 68.8%
Fishing Ship ×18 · Mangudai ×5 · Unknown (2626) ×4
Feudal
15:39
Castillos
23:29
Imperial
—
| APM promedio | 10.6 |
| APM pico | 36 |
| eAPM promedio | 7.3 |
| Aldeanos / militares | 36 / 6 |
Foco
⚔️ 11.5% · 🌾 88.5%
Camel Scout ×6 · Fishing Ship ×6
Mapa de la partida
Recursos iniciales + cada clic de construcción. Líneas = muros · curvas = relieve. ◆ oro · ⬟ piedra · ● bayas · ✦ reliquia · ◌ hueco del cierre
Tu base· Abierta — flanco sin cerrar
Base de deju30· Abierta — hueco de 13t
Base de Nonol· Abierta — hueco de 13t
Base de polochon· Abierta — flanco sin cerrar
Base de pickmyself or end· Abierta — flanco sin cerrar
Base de boismos· Abierta — hueco de 6t
Terreno inicial suavizado · ◌ = hueco del cierre detectado · pasá el cursor para detalles
Inputs por minuto
— [AJJRR] Minillop - - deju30
Build order — [AJJRR] Minillop
85 acciones detectadas en el replay
| 0:43 | Construir | Town Center |
| 1:30 | Construir | House |
| 3:00 | Crear | Villager (Male) |
| 3:00 | Crear | Villager (Male) |
| 3:00 | Crear | Villager (Male) |
| 3:01 | Crear | Villager (Male) |
| 3:01 | Crear | Villager (Male) |
| 4:34 | Crear | Villager (Male) |
| 4:34 | Crear | Villager (Male) |
| 4:35 | Crear | Villager (Male) |
| 5:16 | Construir | House |
| 5:38 | Construir | House |
| 5:40 | Crear | Villager (Male) |
| 5:40 | Crear | Villager (Male) |
| 5:41 | Crear | Villager (Male) |
| 6:56 | Crear | Villager (Male) |
| 6:57 | Crear | Villager (Male) |
| 6:57 | Crear | Villager (Male) |
| 6:57 | Crear | Villager (Male) |
| 7:32 | Construir | House |
| 7:37 | Crear | Villager (Male) |
| 7:37 | Crear | Villager (Male) |
| 7:37 | Crear | Villager (Male) |
| 8:24 | Crear | Villager (Male) |
| 8:24 | Crear | Villager (Male) |
| 8:38 | Crear | Villager (Male) |
| 8:39 | Crear | Villager (Male) |
| 8:50 | Investigar | Loom |
| 9:01 | Construir | Palisade Wall |
| 9:24 | Construir | Mill |
| 9:49 | Crear | Villager (Male) |
| 9:49 | Crear | Villager (Male) |
| 9:49 | Crear | Villager (Male) |
| 9:49 | Crear | Villager (Male) |
| 10:33 | Crear | Villager (Male) |
| 10:45 | Construir | Mill |
| 11:06 | Crear | Villager (Male) |
| 11:06 | Crear | Villager (Male) |
| 11:41 | Crear | Villager (Male) |
| 11:42 | Crear | Villager (Male) |
| 11:55 | Crear | Villager (Male) |
| 12:02 | Crear | Villager (Male) |
| 13:43 | Construir | Lumber Camp |
| 14:11 | Investigar | Feudal Age |
| 14:21 | Construir | Barracks |
| 14:28 | Construir | House |
| 14:31 | Construir | House |
| 14:45 | Construir | Mining Camp |
| 15:02 | Construir | House |
| 15:07 | Construir | Palisade Gate |
| 15:13 | Construir | Palisade Wall |
| 15:14 | Construir | Palisade Wall |
| 15:35 | Crear | Villager (Male) |
| 15:36 | Crear | Villager (Male) |
| 16:02 | Crear | Villager (Male) |
| 16:34 | Edad | Edad Feudal |
| 16:38 | Construir | Blacksmith |
| 16:42 | Construir | Market |
| 16:43 | Crear | Villager (Male) |
| 17:58 | Construir | Farm |
| 18:02 | Investigar | Castle Age |
| 18:38 | Investigar | Double-Bit Axe |
| 18:38 | Investigar | Double-Bit Axe |
| 19:09 | Investigar | Horse Collar |
| 19:09 | Investigar | Horse Collar |
| 20:17 | Construir | Farm |
| 20:17 | Construir | Farm |
| 20:17 | Construir | Farm |
| 20:17 | Construir | Farm |
| 20:17 | Construir | Farm |
| 20:18 | Construir | Farm |
| 20:20 | Construir | Farm |
| 20:24 | Construir | Farm |
| 20:42 | Edad | Edad de los Castillos |
| 20:43 | Crear | Villager (Male) |
| 20:43 | Crear | Villager (Male) |
| 20:45 | Crear | Villager (Male) |
| 20:57 | Construir | Castle |
| 21:02 | Crear | Villager (Male) |
| 21:02 | Crear | Villager (Male) |
| 21:12 | Investigar | Stone Mining |
| 21:44 | Investigar | Fletching |
| 22:50 | Crear | Villager (Male) |
| 22:50 | Crear | Villager (Male) |
| 22:50 | Crear | Villager (Male) |
Build order — deju30
90 acciones detectadas en el replay
| 0:56 | Construir | Town Center |
| 1:12 | Construir | Palisade Wall |
| 2:59 | Crear | Villager (Male) |
| 2:59 | Crear | Villager (Male) |
| 3:00 | Crear | Villager (Male) |
| 3:00 | Crear | Villager (Male) |
| 3:02 | Construir | House |
| 3:43 | Crear | Villager (Male) |
| 3:43 | Crear | Villager (Male) |
| 4:43 | Construir | Dock |
| 5:19 | Crear | Villager (Male) |
| 5:20 | Crear | Villager (Male) |
| 5:20 | Crear | Villager (Male) |
| 5:24 | Crear | Fishing Ship |
| 5:41 | Construir | House |
| 5:52 | Crear | Villager (Male) |
| 5:57 | Investigar | Loom |
| 6:40 | Crear | Villager (Male) |
| 6:41 | Crear | Villager (Male) |
| 6:42 | Crear | Villager (Male) |
| 6:42 | Crear | Villager (Male) |
| 6:48 | Crear | Fishing Ship |
| 7:28 | Construir | House |
| 7:49 | Crear | Villager (Male) |
| 7:57 | Crear | Fishing Ship |
| 8:14 | Crear | Villager (Male) |
| 8:39 | Crear | Villager (Male) |
| 8:55 | Crear | Villager (Male) |
| 9:00 | Construir | House |
| 9:02 | Crear | Fishing Ship |
| 9:05 | Crear | Villager (Male) |
| 9:29 | Crear | Villager (Male) |
| 9:32 | Construir | House |
| 9:34 | Crear | Fishing Ship |
| 10:01 | Crear | Fishing Ship |
| 10:40 | Construir | Mining Camp |
| 10:41 | Crear | Villager (Male) |
| 10:55 | Crear | Fishing Ship |
| 11:04 | Crear | Villager (Male) |
| 11:27 | Crear | Fishing Ship |
| 11:32 | Investigar | Feudal Age |
| 11:32 | Investigar | Feudal Age |
| 11:50 | Construir | House |
| 12:05 | Crear | Fishing Ship |
| 12:26 | Construir | House |
| 13:27 | Construir | Barracks |
| 13:36 | Edad | Edad Feudal |
| 13:36 | Crear | Villager (Male) |
| 13:37 | Crear | Villager (Male) |
| 14:06 | Crear | Villager (Male) |
| 14:09 | Construir | Stable |
| 14:39 | Construir | Blacksmith |
| 14:45 | Crear | Villager (Male) |
| 15:17 | Investigar | Castle Age |
| 15:39 | Construir | Stable |
| 16:22 | Crear | Fire Galley |
| 16:44 | Investigar | Scale Barding Armor |
| 16:51 | Construir | House |
| 17:28 | Construir | Mill |
| 17:43 | Edad | Edad de los Castillos |
| 17:46 | Crear | Villager (Male) |
| 17:47 | Crear | Knight |
| 17:47 | Crear | Knight |
| 17:48 | Crear | Knight |
| 17:48 | Crear | Knight |
| 17:55 | Construir | Siege Workshop |
| 18:08 | Crear | Villager (Male) |
| 18:16 | Crear | Knight |
| 18:43 | Crear | Battering Ram |
| 18:43 | Crear | Battering Ram |
| 18:53 | Crear | Villager (Male) |
| 18:53 | Crear | Villager (Male) |
| 19:07 | Crear | Villager (Male) |
| 19:25 | Crear | Villager (Male) |
| 19:51 | Crear | Battering Ram |
| 19:56 | Crear | Villager (Male) |
| 20:19 | Crear | Battering Ram |
| 20:24 | Construir | House |
| 20:26 | Construir | House |
| 20:35 | Crear | Villager (Male) |
| 20:58 | Crear | Knight |
| 20:59 | Crear | Knight |
| 21:23 | Crear | Knight |
| 21:26 | Construir | House |
| 21:35 | Crear | Villager (Male) |
| 21:36 | Crear | Villager (Male) |
| 21:48 | Construir | House |
| 22:55 | Crear | Knight |
| 22:55 | Crear | Knight |
| 22:56 | Crear | Knight |
Build order — Nonol
99 acciones detectadas en el replay
| 0:09 | Construir | Town Center |
| 1:11 | Construir | Dock |
| 1:12 | Construir | House |
| 2:35 | Crear | Villager (Male) |
| 2:44 | Crear | Villager (Male) |
| 2:45 | Crear | Villager (Male) |
| 2:45 | Crear | Villager (Male) |
| 3:47 | Crear | Fishing Ship |
| 4:05 | Crear | Villager (Male) |
| 4:42 | Investigar | Loom |
| 4:47 | Construir | House |
| 5:03 | Crear | Villager (Male) |
| 5:28 | Crear | Fishing Ship |
| 5:33 | Crear | Villager (Male) |
| 6:04 | Crear | Villager (Male) |
| 6:06 | Crear | Fishing Ship |
| 6:27 | Crear | Villager (Male) |
| 6:42 | Construir | House |
| 6:44 | Construir | House |
| 6:56 | Crear | Villager (Male) |
| 7:17 | Crear | Fishing Ship |
| 7:18 | Crear | Villager (Male) |
| 7:32 | Crear | Villager (Male) |
| 7:49 | Crear | Villager (Male) |
| 7:55 | Crear | Villager (Male) |
| 7:56 | Crear | Fishing Ship |
| 8:09 | Construir | Mill |
| 8:16 | Crear | Villager (Male) |
| 8:45 | Crear | Villager (Male) |
| 9:00 | Crear | Villager (Male) |
| 9:14 | Crear | Villager (Male) |
| 9:20 | Construir | House |
| 10:15 | Construir | Mining Camp |
| 10:33 | Investigar | Feudal Age |
| 12:05 | Construir | House |
| 12:21 | Crear | Villager (Male) |
| 12:44 | Construir | Palisade Wall |
| 12:45 | Construir | Palisade Wall |
| 13:01 | Edad | Edad Feudal |
| 13:02 | Construir | Market |
| 13:07 | Construir | Blacksmith |
| 13:18 | Construir | House |
| 13:26 | Crear | Villager (Male) |
| 13:56 | Investigar | Castle Age |
| 14:37 | Investigar | Tech 906 |
| 15:07 | Crear | Villager (Male) |
| 15:23 | Construir | Lumber Camp |
| 15:54 | Investigar | Double-Bit Axe |
| 16:14 | Investigar | Padded Archer Armor |
| 16:25 | Crear | Villager (Male) |
| 16:36 | Edad | Edad de los Castillos |
| 17:09 | Construir | Mining Camp |
| 17:17 | Construir | Castle |
| 17:19 | Construir | Mill |
| 17:21 | Crear | Villager (Male) |
| 17:23 | Crear | Villager (Male) |
| 17:50 | Investigar | Bow Saw |
| 17:54 | Investigar | Leather Archer Armor |
| 17:57 | Crear | Villager (Male) |
| 18:20 | Construir | Palisade Wall |
| 18:22 | Construir | Palisade Wall |
| 18:34 | Construir | House |
| 18:42 | Crear | Villager (Male) |
| 18:45 | Investigar | Town Watch |
| 18:47 | Crear | Conquistador |
| 18:47 | Crear | Conquistador |
| 18:47 | Crear | Conquistador |
| 18:49 | Crear | Villager (Male) |
| 19:15 | Construir | Mill |
| 19:20 | Crear | Conquistador |
| 19:21 | Crear | Conquistador |
| 19:24 | Crear | Villager (Male) |
| 19:36 | Construir | Palisade Wall |
| 19:37 | Construir | Palisade Wall |
| 20:00 | Construir | House |
| 20:03 | Construir | House |
| 20:10 | Construir | House |
| 20:15 | Construir | Palisade Wall |
| 20:17 | Construir | Palisade Wall |
| 20:24 | Crear | Villager (Male) |
| 20:26 | Crear | Conquistador |
| 20:27 | Crear | Conquistador |
| 20:38 | Construir | Farm |
| 20:39 | Construir | Farm |
| 20:39 | Construir | Farm |
| 20:39 | Construir | Farm |
| 20:46 | Crear | Villager (Male) |
| 20:53 | Investigar | Wheelbarrow |
| 21:35 | Crear | Conquistador |
| 21:35 | Crear | Conquistador |
| 22:23 | Crear | Conquistador |
| 22:23 | Crear | Conquistador |
| 23:24 | Crear | Conquistador |
| 23:24 | Crear | Conquistador |
| 23:31 | Crear | Villager (Male) |
| 23:55 | Crear | Conquistador |
| 23:55 | Crear | Conquistador |
| 24:02 | Crear | Villager (Male) |
| 24:03 | Crear | Villager (Male) |
Build order — polochon
125 acciones detectadas en el replay
| 0:11 | Construir | Town Center |
| 1:38 | Construir | Dock |
| 1:41 | Construir | House |
| 2:32 | Crear | Villager (Male) |
| 2:32 | Crear | Villager (Male) |
| 2:32 | Crear | Villager (Male) |
| 3:00 | Crear | Villager (Male) |
| 3:00 | Crear | Villager (Male) |
| 3:07 | Investigar | Loom |
| 3:08 | Crear | Villager (Male) |
| 3:18 | Crear | Villager (Male) |
| 3:18 | Crear | Villager (Male) |
| 4:15 | Crear | Fishing Ship |
| 4:33 | Crear | Villager (Male) |
| 5:04 | Crear | Villager (Male) |
| 5:04 | Crear | Villager (Male) |
| 5:28 | Crear | Fishing Ship |
| 5:29 | Crear | Fishing Ship |
| 5:29 | Crear | Villager (Male) |
| 5:39 | Construir | House |
| 5:40 | Crear | Villager (Male) |
| 5:45 | Construir | House |
| 5:47 | Crear | Villager (Male) |
| 5:48 | Crear | Villager (Male) |
| 6:15 | Crear | Fishing Ship |
| 6:31 | Crear | Villager (Male) |
| 6:31 | Crear | Villager (Male) |
| 6:32 | Crear | Villager (Male) |
| 6:41 | Construir | House |
| 7:00 | Crear | Villager (Male) |
| 7:13 | Crear | Fishing Ship |
| 7:36 | Crear | Villager (Male) |
| 7:36 | Crear | Villager (Male) |
| 7:37 | Crear | Villager (Male) |
| 7:52 | Crear | Fishing Ship |
| 7:57 | Construir | House |
| 8:13 | Crear | Villager (Male) |
| 8:13 | Crear | Villager (Male) |
| 9:08 | Construir | House |
| 9:08 | Crear | Villager (Male) |
| 9:09 | Crear | Fishing Ship |
| 9:18 | Crear | Villager (Male) |
| 9:32 | Construir | Mining Camp |
| 9:35 | Crear | Villager (Male) |
| 9:46 | Crear | Villager (Male) |
| 10:02 | Crear | Villager (Male) |
| 10:21 | Crear | Villager (Male) |
| 10:39 | Construir | House |
| 11:13 | Investigar | Feudal Age |
| 11:24 | Crear | Villager (Male) |
| 11:33 | Crear | Villager (Male) |
| 11:43 | Construir | Lumber Camp |
| 11:53 | Construir | Dock |
| 12:49 | Construir | Mill |
| 13:03 | Crear | Villager (Male) |
| 13:23 | Edad | Edad Feudal |
| 13:25 | Investigar | Double-Bit Axe |
| 13:27 | Crear | Galley |
| 13:27 | Crear | Galley |
| 13:48 | Construir | House |
| 13:53 | Crear | Villager (Male) |
| 14:11 | Crear | Galley |
| 14:12 | Crear | Galley |
| 14:26 | Construir | Blacksmith |
| 14:40 | Crear | Villager (Male) |
| 14:41 | Crear | Galley |
| 14:41 | Crear | Galley |
| 14:54 | Crear | Villager (Male) |
| 15:05 | Crear | Villager (Male) |
| 15:19 | Investigar | Fletching |
| 15:24 | Crear | Villager (Male) |
| 15:29 | Crear | Galley |
| 15:29 | Crear | Galley |
| 15:37 | Crear | Villager (Male) |
| 16:10 | Crear | Villager (Male) |
| 16:13 | Crear | Galley |
| 16:13 | Crear | Galley |
| 16:21 | Investigar | Town Watch |
| 16:40 | Crear | Villager (Male) |
| 16:50 | Crear | Villager (Male) |
| 16:51 | Crear | Transport Ship |
| 16:52 | Crear | Transport Ship |
| 17:14 | Crear | Galley |
| 17:17 | Crear | Galley |
| 17:24 | Construir | House |
| 17:33 | Investigar | Gold Mining |
| 17:49 | Construir | Market |
| 17:53 | Crear | Villager (Male) |
| 18:03 | Construir | House |
| 18:04 | Construir | House |
| 18:09 | Crear | Villager (Male) |
| 18:34 | Crear | Villager (Male) |
| 19:01 | Crear | Villager (Male) |
| 19:04 | Investigar | Castle Age |
| 19:16 | Construir | Barracks |
| 19:21 | Crear | Galley |
| 19:21 | Crear | Galley |
| 19:44 | Construir | Mining Camp |
| 19:57 | Crear | Villager (Male) |
| 20:01 | Construir | House |
| 20:27 | Crear | Villager (Male) |
| 20:42 | Crear | Villager (Male) |
| 20:44 | Crear | Villager (Male) |
| 20:53 | Construir | House |
| 21:09 | Crear | Villager (Male) |
| 21:18 | Construir | Stable |
| 21:25 | Investigar | Wheelbarrow |
| 21:31 | Construir | House |
| 21:39 | Investigar | Stone Mining |
| 21:48 | Edad | Edad de los Castillos |
| 21:53 | Investigar | Bodkin Arrow |
| 21:57 | Crear | Villager (Male) |
| 22:03 | Construir | Town Center |
| 22:08 | Crear | Villager (Male) |
| 22:31 | Crear | Villager (Male) |
| 22:32 | Crear | Villager (Male) |
| 22:34 | Construir | House |
| 22:43 | Crear | Villager (Male) |
| 22:50 | Construir | Mining Camp |
| 23:10 | Crear | Villager (Male) |
| 23:12 | Construir | House |
| 23:24 | Crear | Villager (Male) |
| 23:25 | Crear | Villager (Male) |
| 23:26 | Crear | Villager (Male) |
| 23:51 | Construir | House |
Build order — pickmyself or end
Primeras 150 de 154 acciones detectadas
| 0:20 | Construir | Town Center |
| 1:02 | Construir | House |
| 1:03 | Construir | Dock |
| 2:35 | Crear | Villager (Male) |
| 2:35 | Crear | Villager (Male) |
| 2:36 | Crear | Villager (Male) |
| 2:36 | Crear | Villager (Male) |
| 2:36 | Crear | Villager (Male) |
| 2:36 | Crear | Villager (Male) |
| 3:34 | Crear | Fishing Ship |
| 4:02 | Construir | House |
| 4:05 | Crear | Villager (Male) |
| 4:19 | Construir | House |
| 4:46 | Investigar | Loom |
| 4:46 | Investigar | Loom |
| 4:49 | Crear | Fishing Ship |
| 4:49 | Crear | Fishing Ship |
| 5:19 | Crear | Villager (Male) |
| 5:19 | Crear | Villager (Male) |
| 5:25 | Crear | Villager (Male) |
| 5:25 | Crear | Villager (Male) |
| 5:51 | Construir | House |
| 5:59 | Crear | Villager (Male) |
| 6:09 | Crear | Villager (Male) |
| 6:09 | Crear | Villager (Male) |
| 6:14 | Crear | Fishing Ship |
| 6:26 | Construir | House |
| 6:50 | Crear | Villager (Male) |
| 6:50 | Crear | Villager (Male) |
| 7:10 | Crear | Villager (Male) |
| 7:10 | Crear | Villager (Male) |
| 7:13 | Crear | Fishing Ship |
| 7:13 | Crear | Fishing Ship |
| 7:41 | Crear | Fishing Ship |
| 7:41 | Crear | Fishing Ship |
| 7:47 | Construir | House |
| 7:51 | Crear | Villager (Male) |
| 7:51 | Crear | Villager (Male) |
| 7:51 | Crear | Villager (Male) |
| 7:55 | Construir | House |
| 8:21 | Crear | Villager (Male) |
| 8:31 | Construir | House |
| 8:32 | Crear | Fishing Ship |
| 8:32 | Crear | Fishing Ship |
| 9:04 | Crear | Villager (Male) |
| 9:04 | Crear | Villager (Male) |
| 9:04 | Crear | Villager (Male) |
| 9:05 | Crear | Villager (Male) |
| 9:06 | Crear | Fishing Ship |
| 9:08 | Construir | House |
| 9:40 | Construir | Mill |
| 9:41 | Construir | Palisade Wall |
| 9:55 | Crear | Villager (Male) |
| 9:55 | Crear | Villager (Male) |
| 9:56 | Crear | Villager (Male) |
| 9:56 | Crear | Fishing Ship |
| 10:01 | Construir | House |
| 10:02 | Construir | Palisade Wall |
| 10:28 | Construir | Mining Camp |
| 10:55 | Construir | Palisade Wall |
| 11:01 | Construir | Palisade Wall |
| 11:02 | Construir | Palisade Wall |
| 11:12 | Construir | Mining Camp |
| 11:44 | Crear | Fishing Ship |
| 11:57 | Investigar | Feudal Age |
| 12:07 | Construir | Palisade Wall |
| 12:12 | Construir | Palisade Wall |
| 12:13 | Construir | Palisade Wall |
| 12:40 | Construir | Dock |
| 12:45 | Crear | Fishing Ship |
| 12:51 | Crear | Villager (Male) |
| 12:52 | Crear | Villager (Male) |
| 12:52 | Crear | Villager (Male) |
| 12:53 | Crear | Villager (Male) |
| 13:15 | Construir | House |
| 13:16 | Construir | House |
| 14:09 | Edad | Edad Feudal |
| 14:19 | Construir | Market |
| 14:26 | Construir | Stone Wall |
| 14:28 | Construir | Stone Wall |
| 14:29 | Construir | Stone Wall |
| 14:44 | Construir | Blacksmith |
| 15:19 | Construir | Lumber Camp |
| 15:24 | Construir | Lumber Camp |
| 15:32 | Construir | Stone Wall |
| 15:33 | Construir | Gate |
| 15:49 | Construir | Stone Wall |
| 15:50 | Construir | Stone Wall |
| 15:58 | Investigar | Town Watch |
| 15:58 | Investigar | Town Watch |
| 16:07 | Construir | Stone Wall |
| 16:08 | Construir | Stone Wall |
| 16:13 | Construir | Stone Wall |
| 16:14 | Construir | Stone Wall |
| 16:26 | Investigar | Castle Age |
| 16:26 | Investigar | Castle Age |
| 16:30 | Crear | Fishing Ship |
| 16:30 | Crear | Fishing Ship |
| 16:39 | Investigar | Tech 906 |
| 16:41 | Crear | Fishing Ship |
| 16:41 | Crear | Fishing Ship |
| 17:01 | Crear | Unit 2626 |
| 17:02 | Crear | Unit 2626 |
| 17:08 | Crear | Unit 2626 |
| 17:08 | Crear | Unit 2626 |
| 17:54 | Investigar | Double-Bit Axe |
| 17:54 | Investigar | Double-Bit Axe |
| 17:57 | Investigar | Stone Mining |
| 17:58 | Investigar | Gold Mining |
| 17:58 | Investigar | Gold Mining |
| 18:17 | Construir | Gate |
| 18:36 | Investigar | Wheelbarrow |
| 18:37 | Investigar | Wheelbarrow |
| 19:06 | Edad | Edad de los Castillos |
| 19:08 | Construir | Town Center |
| 19:28 | Investigar | Bow Saw |
| 19:42 | Construir | Outpost |
| 20:18 | Crear | Villager (Male) |
| 20:19 | Crear | Villager (Male) |
| 20:25 | Construir | Outpost |
| 20:35 | Crear | Villager (Male) |
| 20:35 | Crear | Villager (Male) |
| 20:36 | Crear | Villager (Male) |
| 20:36 | Crear | Villager (Male) |
| 20:37 | Crear | Villager (Male) |
| 20:38 | Crear | Villager (Male) |
| 21:31 | Investigar | Hand Cart |
| 21:32 | Investigar | Hand Cart |
| 21:32 | Crear | Villager (Male) |
| 21:54 | Construir | Castle |
| 22:06 | Investigar | Fletching |
| 22:07 | Investigar | Fletching |
| 22:09 | Crear | Villager (Male) |
| 22:09 | Crear | Villager (Male) |
| 22:27 | Investigar | Horse Collar |
| 22:29 | Construir | Farm |
| 22:31 | Construir | Farm |
| 22:40 | Construir | House |
| 22:41 | Construir | House |
| 22:41 | Construir | House |
| 22:42 | Construir | House |
| 22:50 | Crear | Villager (Male) |
| 22:50 | Crear | Villager (Male) |
| 22:50 | Crear | Villager (Male) |
| 22:51 | Crear | Villager (Male) |
| 22:51 | Crear | Villager (Male) |
| 22:53 | Crear | Mangudai |
| 22:58 | Construir | Mill |
| 23:24 | Construir | Farm |
| 23:25 | Construir | Farm |
Build order — boismos
90 acciones detectadas en el replay
| 0:41 | Construir | Dock |
| 2:54 | Construir | Town Center |
| 4:14 | Construir | House |
| 5:12 | Crear | Villager (Male) |
| 5:12 | Crear | Villager (Male) |
| 5:33 | Crear | Villager (Male) |
| 5:33 | Crear | Villager (Male) |
| 6:36 | Crear | Villager (Male) |
| 6:37 | Crear | Villager (Male) |
| 7:17 | Crear | Villager (Male) |
| 7:18 | Crear | Villager (Male) |
| 7:18 | Crear | Villager (Male) |
| 7:30 | Construir | House |
| 8:31 | Crear | Villager (Male) |
| 8:32 | Crear | Villager (Male) |
| 8:43 | Construir | House |
| 8:51 | Crear | Villager (Male) |
| 8:52 | Crear | Villager (Male) |
| 8:56 | Crear | Fishing Ship |
| 9:32 | Investigar | Loom |
| 9:36 | Crear | Villager (Male) |
| 9:37 | Crear | Villager (Male) |
| 10:17 | Crear | Fishing Ship |
| 10:30 | Crear | Villager (Male) |
| 10:30 | Crear | Villager (Male) |
| 10:35 | Crear | Fishing Ship |
| 11:34 | Construir | House |
| 11:42 | Construir | House |
| 11:52 | Crear | Villager (Male) |
| 11:52 | Crear | Villager (Male) |
| 12:18 | Construir | Lumber Camp |
| 12:31 | Crear | Villager (Male) |
| 12:31 | Crear | Villager (Male) |
| 12:48 | Crear | Fishing Ship |
| 12:57 | Construir | House |
| 13:08 | Investigar | Feudal Age |
| 13:47 | Construir | Lumber Camp |
| 13:59 | Construir | Mining Camp |
| 14:50 | Construir | Barracks |
| 15:27 | Construir | Mill |
| 15:39 | Construir | House |
| 15:39 | Edad | Edad Feudal |
| 15:44 | Crear | Villager (Male) |
| 15:44 | Crear | Villager (Male) |
| 16:22 | Construir | House |
| 16:35 | Construir | Mining Camp |
| 16:39 | Crear | Villager (Male) |
| 16:40 | Crear | Villager (Male) |
| 16:56 | Construir | House |
| 16:58 | Crear | Villager (Male) |
| 17:04 | Crear | Fishing Ship |
| 17:24 | Construir | Stable |
| 17:34 | Construir | Farm |
| 17:39 | Construir | Farm |
| 17:46 | Investigar | Double-Bit Axe |
| 18:20 | Crear | Villager (Male) |
| 18:20 | Crear | Villager (Male) |
| 18:24 | Construir | Farm |
| 18:34 | Construir | Blacksmith |
| 18:49 | Construir | Farm |
| 18:53 | Crear | Villager (Male) |
| 18:53 | Crear | Villager (Male) |
| 19:10 | Construir | Farm |
| 19:39 | Construir | Market |
| 19:51 | Construir | Farm |
| 19:56 | Crear | Villager (Male) |
| 19:56 | Crear | Villager (Male) |
| 19:56 | Crear | Villager (Male) |
| 20:10 | Construir | Farm |
| 20:28 | Construir | Farm |
| 20:48 | Construir | House |
| 20:52 | Construir | Farm |
| 20:57 | Investigar | Castle Age |
| 21:32 | Construir | Stable |
| 21:37 | Construir | House |
| 21:47 | Investigar | Bloodlines |
| 22:34 | Construir | House |
| 22:39 | Construir | Farm |
| 22:48 | Crear | Fishing Ship |
| 23:02 | Crear | Villager (Male) |
| 23:02 | Crear | Villager (Male) |
| 23:03 | Crear | Villager (Male) |
| 23:24 | Construir | Farm |
| 23:29 | Edad | Edad de los Castillos |
| 23:31 | Crear | Camel Scout |
| 23:32 | Crear | Camel Scout |
| 23:32 | Crear | Camel Scout |
| 23:32 | Crear | Camel Scout |
| 23:33 | Crear | Camel Scout |
| 23:33 | Crear | Camel Scout |
Cronología de la partida
| 0:41 | boismos · first_building Dock |
| 1:03 | pickmyself or end · first_building Dock |
| 1:11 | Nonol · first_building Dock |
| 1:12 | deju30 · wall_segment Palisade Wall x1 |
| 1:38 | polochon · first_building Dock |
| 4:43 | deju30 · first_building Dock |
| 9:01 | [AJJRR] Minillop · wall_segment Palisade Wall x1 |
| 9:41 | pickmyself or end · wall_segment Palisade Wall x1 |
| 10:02 | pickmyself or end · wall_segment Palisade Wall x3 |
| 10:55 | pickmyself or end · wall_segment Palisade Wall x1 |
| 11:01 | pickmyself or end · wall_segment Palisade Wall x8 |
| 11:02 | pickmyself or end · wall_segment Palisade Wall x3 |
| 12:07 | pickmyself or end · wall_segment Palisade Wall x1 |
| 12:12 | pickmyself or end · wall_segment Palisade Wall x5 |
| 12:13 | pickmyself or end · wall_segment Palisade Wall x8 |
| 12:44 | Nonol · wall_segment Palisade Wall x1 |
| 12:45 | Nonol · wall_segment Palisade Wall x1 |
| 13:01 | Nonol · age_up feudal |
| 13:23 | polochon · age_up feudal |
| 13:27 | deju30 · first_building Barracks |
| 13:36 | deju30 · age_up feudal |
| 13:53 | Nonol · first_market_sell 100 stone |
| 14:09 | deju30 · first_building Stable |
| 14:09 | pickmyself or end · age_up feudal |
| 14:21 | [AJJRR] Minillop · first_building Barracks |
| 14:26 | pickmyself or end · wall_segment Stone Wall x1 |
| 14:28 | pickmyself or end · wall_segment Stone Wall x11 |
| 14:29 | pickmyself or end · wall_segment Stone Wall x4 |
| 14:50 | boismos · first_building Barracks |
| 15:13 | [AJJRR] Minillop · wall_segment Palisade Wall x1 |
| 15:14 | [AJJRR] Minillop · wall_segment Palisade Wall x1 |
| 15:32 | pickmyself or end · wall_segment Stone Wall x3 |
| 15:39 | boismos · age_up feudal |
| 15:49 | pickmyself or end · wall_segment Stone Wall x1 |
| 15:50 | pickmyself or end · wall_segment Stone Wall x16 |
| 16:07 | pickmyself or end · wall_segment Stone Wall x1 |
| 16:08 | pickmyself or end · wall_segment Stone Wall x6 |
| 16:13 | pickmyself or end · wall_segment Stone Wall x7 |
| 16:14 | pickmyself or end · wall_segment Stone Wall x5 |
| 16:24 | pickmyself or end · first_market_sell 100 wood |
| 16:25 | pickmyself or end · first_market_buy 100 food |
| 16:34 | [AJJRR] Minillop · age_up feudal |
| 16:36 | Nonol · age_up castle |
| 17:17 | Nonol · first_building Castle |
| 17:24 | boismos · first_building Stable |
| 17:43 | deju30 · age_up castle |
| 17:55 | deju30 · first_building Siege Workshop |
| 18:20 | Nonol · wall_segment Palisade Wall x4 |
| 18:22 | Nonol · wall_segment Palisade Wall x4 |
| 19:06 | pickmyself or end · age_up castle |
| 19:16 | polochon · first_building Barracks |
| 19:36 | Nonol · wall_segment Palisade Wall x1 |
| 19:37 | Nonol · wall_segment Palisade Wall x1 |
| 20:15 | Nonol · wall_segment Palisade Wall x5 |
| 20:17 | Nonol · wall_segment Palisade Wall x4 |
| 20:42 | [AJJRR] Minillop · age_up castle |
| 20:57 | [AJJRR] Minillop · first_building Castle |
| 21:18 | polochon · first_building Stable |
| 21:48 | polochon · age_up castle |
| 21:54 | pickmyself or end · first_building Castle |
| 23:29 | boismos · age_up castle |
| 23:53 | deju30 · resign |
[ ANÁLISIS IA · 1 CRÉDITO ]
¿Qué pasó realmente en esta partida?
Wolo.gg analiza cada decisión: build order, eco, micro, errores típicos por bracket. Análisis personalizado por WhatsApp o Discord en 30 segundos.
Guía civ
Polacos
Perfil
[AJJRR] Minillop